 Dungeon Crawl Stone Soup version 0.25.0-10-g039870ee82 (webtiles) character file.

Game seed: 6431605347713415835

123 Lavandula the Vandal (level 5, 44/44 HPs)
             Began as a Naga Arcane Marksman on June 23, 2020.
             Quit the game on level 4 of the Dungeon.
             The game lasted 00:02:15 (1224 turns).

Lavandula the Vandal (Naga Arcane Marksman)         Turns: 1224, Time: 00:02:16

Health: 44/44      AC:  3    Str: 12    XL:     5   Next: 7%
Magic:  6/6        EV: 10    Int: 14    God:
Gold:   76         SH:  0    Dex: 12    Spells: 5/6 levels left

rFire    . . .     SeeInvis +   a - +0 hunting sling
rCold    . . .     Gourm    .   (no shield)
rNeg     . . .     Faith    .   e - +0 robe
rPois    +         Spirit   .   (no helmet)
rElec    .         Reflect  .   (no cloak)
rCorr    .         Harm     .   k - +0 pair of gloves
MR       .....                  (no barding)
Stlth    +.........             (no amulet)
HPRegen  0.14/turn              (no ring)
MPRegen  0.10/turn              (no ring)

@: very slow
A: large, see invisible, deformed body, poison resistance, slowness 2, slow
metabolism 1, spit poison 1, AC +1
a: Spit Poison


You were on level 4 of the Dungeon.
You were hungry.

You visited 1 branch of the dungeon, and saw 4 of its levels.

You collected 76 gold pieces.

Inventory:

Hand Weapons
 a - a +0 hunting sling (weapon)
Missiles
 d - 12 sling bullets (quivered)
 i - 27 poisoned darts
Armour
 e - a +0 robe (worn)
 k - a +0 pair of gloves (worn)
Wands
 m - a wand of acid (13)
Scrolls
 h - a scroll of immolation {unknown}
 j - 4 scrolls of identify {unknown}
 l - 2 scrolls of amnesia {unknown}
 n - a scroll of magic mapping {unknown}
Potions
 b - 3 potions of curing {unknown}
 c - a potion of degeneration {unknown}
 g - a potion of haste {unknown}
Comestibles
 f - 4 rations


   Skills:
 - Level 1.0 Fighting
 + Level 4.6 Slings
 - Level 1.5 Dodging
 - Level 1.0 Spellcasting
 - Level 3.0 Hexes


You had 5 spell levels left.
You knew the following spells:

 Your Spells              Type           Power        Failure   Level  Hunger
a - Corona                Hex            #......      8%          1    ##.....

Your spell library contained the following spells:

 Spells                   Type           Power        Failure   Level  Hunger
 Slow                     Hex            #.......     12%         2    ###....
 Inner Flame              Hex/Fire       #.......     38%         3    ####...
 Portal Projectile        Hex/Tloc       #.....       38%         3    ####...
 Cause Fear               Hex            #.........   58%         4    #####..
 Leda's Liquefaction      Hex/Erth       #.........   80%         4    #####..


Dungeon Overview and Level Annotations

Branches:
Dungeon (4/15)
 Temple: D:4-7

Altars:
Fedhas
Qazlal

Shops:
D:4 (


Innate Abilities, Weirdness & Mutations

You cannot wear boots.
Your serpentine skin is tough. (AC +1)
You have supernaturally acute eyesight. (SInv)
Armour fits poorly on your strangely shaped body.
Your system is resistant to poisons. (rPois)
You cover ground very slowly.
You have a slow metabolism.
You can spit poison.


Message History

Press: ? - help, Shift-Dir - straight line, f/p - adder
Aim: an adder The splash of poison hits the adder!
The adder is poisoned.
The adder is severely wounded.
You feel slightly more hungry. The adder closely misses you.
Firing (i - inventory. (/) - cycle)
d - 12 sling bullets (quivered)
Press: ? - help, Shift-Dir - straight line, f/p - adder
Aim: an adder (severely wounded, poisoned)
You shoot a sling bullet. The sling bullet hits the adder.
You kill the adder!
You have reached level 5!
You have got your breath back.
d - 12 sling bullets (gained 1)
m - a wand of acid (13)
Found Purhi Kasku's Weapon Boutique.
There is an entrance to Purhi Kasku's Weapon Boutique here.
You can access your shopping list by pressing '$'.
Unknown command.
n - a scroll labeled TUDWEG MUSHITE Are you sure you want to abandon this character and quit the game? (Confirm with "yes".)

...## #.....###
..##
#....♣..#### ###
##.........###
##..........##
###.........###
#...........#
#.#........#
#.##.......#
#.####@....# #.#
####.##
#######.# #
#....##.#
#.......#
#.....<.##
#####........##
#.............#
..####........##


There were no monsters in sight!

Vanquished Creatures
  A hound (D:4)
  2 worker ants (D:4)
  A howler monkey skeleton (D:4)
  2 adders (D:4)
  A leopard gecko (D:4)
  A giant cockroach (D:1)
  A goblin (D:1)
  A hobgoblin (D:1)
  A quokka (D:4)
  2 ball pythons
  3 bats (D:1)
  2 frilled lizards
  2 kobolds
  2 rats (D:1)
22 creatures vanquished.

Notes
Turn   | Place    | Note
-------+----------+-------------------------------------------
     0 | D:1      | Lavandula the Naga Arcane Marksman began the quest for the
                  | Orb.
     0 | D:1      | Reached XP level 1. HP: 18/18 MP: 2/2
    88 | D:1      | Reached skill level 2 in Slings
   188 | D:1      | Reached XP level 2. HP: 25/25 MP: 3/3
   425 | D:2      | You fall into a shaft and drop 1 floor!
   588 | D:4      | Reached skill level 3 in Slings
   588 | D:4      | Reached XP level 3. HP: 8/31 MP: 4/4
   892 | D:4      | Reached skill level 4 in Slings
   892 | D:4      | Reached XP level 4. HP: 38/38 MP: 5/5
   916 | D:4      | Found a stormy altar of Qazlal.
   923 | D:4      | Found a blossoming altar of Fedhas.
  1174 | D:4      | Reached XP level 5. HP: 44/44 MP: 6/6
  1203 | D:4      | Found Purhi Kasku's Weapon Boutique.
  1224 | D:4      | Quit the game

Illustrated notes

Levels and vault maps discovered:
D:1:      wheals_arrival_shading, layout_loops_ring
D:2:      layout_loops_cross, okawaru_altar_gauntlet_db, first_ration
D:3:      layout_rooms, bloody_trog
D:4:      minmay_octagon_keep, layout_cave_pods,
          grunt_temple_overflow_forces_of_nature, serial_shops,
          nicolae_shop_trees

Skill      XL: |  1  2  3 |
---------------+----------+-----
Slings         | 2 3 4 |  4.6
Fighting       | |  1.0
Dodging        | |  1.5
Spellcasting   | |  1.0
Hexes          | |  3.0

Action                   |  1- 3 |  4- 6 || total
-------------------------+-------+-------++-------
 Fire: Hunting sling     |    54 |    16 ||    70
 Abil: Spit Poison       |    10 |     2 ||    12
Armor: Robe              |     1 |     1 ||     2
Dodge: Dodged            |    11 |     3 ||    14
